 Dungeon Crawl Stone Soup version 0.17-a0-1093-g0b3cd89 (webtiles) character file.

118 AnnoyedKobold the Sneak (level 4, -1/21 HPs)
             Began as a Spriggan Enchanter on May 20, 2015.
             Killed from afar by an orc wizard (7 damage)
             ... with a puff of flame
             ... on level 2 of the Dungeon.
             The game lasted 00:08:14 (3992 turns).

AnnoyedKobold the Sneak (Spriggan Enchanter)        Turns: 3992, Time: 00:08:15

Health: -1/21      AC:  4    Str:  4    XL:     4   Next: 72%
Magic:  2/9        EV: 18    Int: 16    God:
Gold:   164        SH:  0    Dex: 17    Spells: 2 memorised, 4 levels left

rFire  . . .     SeeInvis +     a - +1 dagger
rCold  . . .     Clarity  .     b - +2 robe
rNeg   . . .     SustAb   .     (shield restricted)
rPois  .         Gourm    .     (helmet restricted)
rElec  .         Spirit   .     (no cloak)
rCorr  .         Warding  .     (gloves unavailable)
rMut   .         Stasis   .     (boots unavailable)
MR     .....                    n - amulet of inaccuracy (curse)
Stlth  ++++......               (no ring)
                                (no ring)

@: very quick, not resistant to hostile enchantments, stealthy
A: unfitting armour, see invisible, herbivore 3, speed 3, slow metabolism 2
a: no special abilities


You were on level 2 of the Dungeon.
You were not hungry.

You visited 1 branch of the dungeon, and saw 4 of its levels.

You collected 164 gold pieces.

Inventory:

Hand weapons
 a - a +1 dagger (weapon)
Armour
 b - a +2 robe (worn)
Jewellery
 n - a cursed amulet of inaccuracy (around neck)
Scrolls
 g - a scroll of identify
 j - a scroll of fear
Potions
 e - 2 potions of haste {unknown}
 i - a potion of curing {unknown}
 k - a potion of lignification
 m - a potion of heal wounds
Books
 c - a book of Maledictions

   Spells                             Type                      Level
   a - Corona                         Hexes                        1
   b - Ensorcelled Hibernation        Hexes/Ice                    2
   c - Confuse                        Hexes                        3
   d - Tukima's Dance                 Hexes                        3
   e - Dazzling Spray                 Conjuration/Hexes            3
Comestibles
 d - 3 bread rations


   Skills:
 - Level 1.1 Short Blades
 - Level 3.0 Dodging
 + Level 6.8 Stealth
 - Level 2.6 Spellcasting
 + Level 5.3 Hexes


You had 4 spell levels left.
You knew the following spells:

 Your Spells              Type           Power        Failure   Level  Hunger
a - Corona                Hex            ###....      1%          1    #......
b - Confuse               Hex            ###.....     8%          3    ###....


Dungeon Overview and Level Annotations

Branches:
Dungeon (4/15)
 Temple: D:4-7

Altars:
Nemelex Xobeh


Innate Abilities, Weirdness & Mutations

You are tiny and cannot use many weapons and most armour.
You have supernaturally acute eyesight.
You are a herbivore.
You cover ground extremely quickly.
You need consume almost no food.


Message History

You barely miss the orc wizard.
The orc wizard is heavily wounded.
The orc wizard looks braver.
The orc wizard closely misses you.
You hit the orc wizard but do no damage.
The orc wizard is heavily wounded.
The orc wizard hits you with a dagger.
* * * LOW HITPOINT WARNING * * *
You closely miss the orc wizard.
The orc wizard is heavily wounded.
The orc wizard hits you but does no damage.
The orc wizard barely misses you.
You miss the orc wizard.
The orc wizard is heavily wounded.
The orc wizard barely misses you.
You miss the orc wizard.
The orc wizard is heavily wounded.
The orc wizard casts a spell at you. The puff of flame hits you!
You die...

#.#..# #######
.....#####.....##
...........###..##
#.###..#..##.##..## #.#
##...##^..##..## ..#
##..##.^_^^##..## ###
#..##.......##..#
#.##........o##.#
#.#...#####.@.#.#
#####.##^'#.#.#'.##.###
#......###..#..###..<.#
#.#.##.....###.....##.#
#.......#......#.#.##.#
#.#.##...........#.##.#
#.#(###.#.####.###.##.#
#....##.#.####....(##.##
#.#.....†)....######...#


You could see an orc wizard.

Vanquished Creatures
  A gnoll (D:3)
  5 adders
  An ooze (D:3)
  An orc (D:3)
  3 giant cockroaches (D:2)
  9 goblins
  9 hobgoblins
  3 jackals (D:3)
  9 kobolds
  A quokka (D:3)
  A ball python (D:3)
  7 bats
  5 giant newts
  8 rats
63 creatures vanquished.

Notes
Turn   | Place    | Note
--------------------------------------------------------------
     0 | D:1      | AnnoyedKobold the Spriggan Enchanter began the quest for the Orb.
     0 | D:1      | Reached XP level 1. HP: 9/9 MP: 5/5
   603 | D:1      | Reached XP level 2. HP: 13/13 MP: 6/6
   681 | D:1      | Reached skill level 5 in Stealth
  1883 | D:2      | Reached XP level 3. HP: 16/16 MP: 8/8
  2126 | D:2      | Found a sparkling altar of Nemelex Xobeh.
  2191 | D:2      | Reached skill level 6 in Stealth
  2866 | D:3      | Reached XP level 4. HP: 21/21 MP: 9/9
  2969 | D:3      | Reached skill level 5 in Hexes
  2987 | D:3      | Learned a level 3 spell: Confuse
  3992 | D:2      | Killed from afar by an orc wizard

Vault maps used:
D:1:      dpeg_arrival_orchard
D:2:      first_bread, nemelex_spade_bored_becter
D:4:      nicolae_overflow_crystal_walls

Action                   |  1- 3 |  4- 6 || total
-------------------------+-------+-------++-------
Melee: Dagger            |   182 |   106 ||   288
 Cast: Corona            |     2 |     1 ||     3
       Confuse           |       |     6 ||     6
  Use: Potion            |     2 |       ||     2
       Scroll            |     6 |       ||     6
 Stab: Sleeping          |     7 |     2 ||     9
       Distracted        |     1 |       ||     1
       Confused          |       |     2 ||     2
  Eat: Fruit             |       |     2 ||     2
